 Dungeon Crawl Stone Soup version 0.30.1-3-gfc49f6343a (webtiles) character file.

Game seed: 4650904878821566430

980 Cheops the Grappler (level 7, -5/67 HPs)
             Began as a Troll Fighter on July 21, 2023.
             Killed from afar by Maggie (18 damage)
             ... with a bolt of fire
             ... on level 6 of the Dungeon.
             The game lasted 00:12:16 (4334 turns).

Cheops the Grappler (Troll Fighter)                 Turns: 4334, Time: 00:12:16

Health: -5/67      AC:  5    Str: 25    XL:     7   Next: 96%
Magic:  0/6        EV:  9    Int:  6    God:
Gold:   224        SH: 10    Dex: 15    Spells: 6/6 levels left

rFire   . .          .
                       - Unarmed
rCold   + . .        m - +1 kite shield {rC+}
rNeg    . . .        w - +1 robe {Will+}
rPois   .            (helmet restricted)
rElec   .            (no cloak)
rCorr   .            (gloves unavailable)
SInv    .            (boots unavailable)
Will    +....        u - amulet of guardian spirit
Stlth   +            x - +6 ring of dexterity
HPRegen 1.11/turn    (no ring)
MPRegen 0.10/turn

%: guardian spirit
@: mighty
A: large, unfitting armour, claws 3, regeneration 1, shaggy fur 1, tough skin 1
a: no special abilities


You were on level 6 of the Dungeon.
You visited 1 branch of the dungeon, and saw 6 of its levels.

You collected 224 gold pieces.

Inventory:

Armour
 m - a +1 kite shield of cold resistance (worn)
 w - a +1 robe of willpower (worn)
Jewellery
 u - an amulet of guardian spirit (around neck)
 x - a +6 ring of dexterity (left claw)
Scrolls
 b - a scroll of magic mapping {unknown}
 e - 3 scrolls of identify {unknown}
 i - a scroll of acquirement {unknown}
 j - 3 scrolls of noise {unknown}
 l - 2 scrolls of enchant armour {unknown}
 n - 2 scrolls of teleportation {unknown}
 p - 2 scrolls of fog {unknown}
Potions
 d - 2 potions of mutation {unknown}
 f - a potion of degeneration {unknown}
 g - a potion of ambrosia {unknown}
 h - 4 potions of curing {unknown}
 k - a potion of resistance {unknown}
 o - 2 potions of attraction {unknown}
 q - a potion of flight {unknown}
 r - 3 potions of heal wounds {unknown}
 s - 2 potions of haste {unknown}
 t - a potion of cancellation {unknown}
 v - 5 potions of brilliance {unknown}


   Skills:
 - Level 3.2 Fighting
 - Level 2.4 Dodging
 - Level 3.6 Shields
 * Level 8.6 Unarmed Combat


You had 6 spell levels left.
You didn't know any spells.
Your spell library contained the following spells:

 Spells                   Type           Power      Damage    Failure   Level
 Cigotuvi's Dreadful Rot  Necr/Pois/Air  0%         N/A       83%         2
 Lesser Beckoning         Tloc           0%         N/A       83%         2
 Gell's Gravitas          Tloc           0%         N/A       97%         3
 Ignite Poison            Fire/Tmut/Pois 0%         N/A       97%         3
 Teleport Other           Tloc           0%         N/A       97%         3
 Freezing Cloud           Conj/Ice/Air   0%         6-21      100%        5


Dungeon Overview and Level Annotations

Branches:
Dungeon (6/15)
 Temple: D:4-7

Altars:
Kikubaaqudgha
Ru
Sif Muna
Yredelemnul

Shops:
D:1 (   D:3 [   D:4 =

Annotations:
D:5 up
D:6 Maggie


Innate Abilities, Weirdness & Mutations

You are too large for most types of armour.
You have claws for hands.
Your natural rate of healing is unusually fast.
You are covered in fur. (AC +1)
You have tough skin. (AC +1)


Message History

Maggie is nearby!
Maggie is nearby!
Maggie shouts!
Maggie gestures at you while chanting. The bolt of fire hits you!
You scratch Maggie but do no damage. Maggie hits you with a +0 war axe!
You are too injured to fight recklessly!
You are too injured to fight recklessly!
You mangle Maggie!!
Maggie is moderately wounded.
You claw Maggie!
Maggie is heavily wounded.
Maggie misses you.
You barely miss Maggie.
Maggie is heavily wounded.
Maggie mumbles the words to a spell, but in the wrong order.
You block Maggie's attack.
You barely miss Maggie.
Maggie is heavily wounded.
Maggie hits you with a +0 war axe.
You scratch Maggie.
Maggie is heavily wounded.
Maggie hits you with a +0 war axe!
* * * LOW HITPOINT WARNING * * *
You barely miss Maggie.
Maggie is heavily wounded.
Maggie points at you and mumbles some strange words.
The bolt of fire hits you!!
* * * LOW HITPOINT WARNING * * *
You claw Maggie!
Maggie is severely wounded.
Maggie gestures wildly while chanting.
Maggie attempts to bespell you! You resist with almost no effort.
You feel very mighty all of a sudden. Maggie misses you.
You claw Maggie!
Maggie is almost dead.
Maggie gestures at you while chanting. The bolt of fire hits you!!
You die...

. ...# .. . ....#
.....## # #. ...#
....... ##.##.
..###....... ......#
#..........#
......>###...........
........#...>........
......@@.............
...............##.
...........##...#
...........##).##
####.......##.#####
#........#.##..##
...#.....##.#....#
...#...............
........##..###..


You could see Maggie.

Vanquished Creatures
  Edmund (D:6)
  A water moccasin (D:5)
  Pargi (D:4)
  An ice beast (D:5)
  A phantom (D:5)
  2 hounds
  A gnoll bouda (D:4)
  An iguana (D:5)
  3 orc wizards
  7 gnolls
  9 adders
  A shadow imp (D:5)
  2 ufetubi
  3 worms (D:2)
  2 dart slugs (D:3)
  18 orcs
  12 ball pythons
  10 bats
  6 endoplasms
  6 giant cockroaches
  6 goblins
  5 hobgoblins
  10 jackals
  7 quokkas
  3 frilled lizards
  6 kobolds
  4 rats (D:1)
129 creatures vanquished.

Notes
Turn   | Place    | Note
-------+----------+-------------------------------------------
     0 | D:1      | Cheops the Troll Fighter began the quest for the Orb.
     0 | D:1      | Reached XP level 1. HP: 22/22 MP: 0/0
   218 | D:1      | Found Veiklae's Antique Weapon Shoppe.
   245 | D:1      | Reached XP level 2. HP: 29/29 MP: 1/1
   530 | D:1      | Reached XP level 3. HP: 36/36 MP: 2/2
   908 | D:2      | Reached skill level 3 in Unarmed Combat
  1611 | D:2      | Found a faded altar of an unknown god.
  1752 | D:3      | Reached XP level 4. HP: 44/44 MP: 3/3
  1853 | D:3      | Found an ancient bone altar of Kikubaaqudgha.
  1909 | D:3      | Found Qeap's Antique Armour Shoppe.
  2050 | D:3      | Found a sacrificial altar of Ru.
  2553 | D:3      | Reached skill level 4 in Unarmed Combat
  2553 | D:3      | Reached XP level 5. HP: 11/53 MP: 4/4
  2622 | D:4      | Found Huqupagh's Jewellery Shop.
  2655 | D:4      | Noticed Pargi
  2681 | D:4      | Killed Pargi
  2682 | D:4      | Reached skill level 5 in Unarmed Combat
  2682 | D:4      | Reached XP level 6. HP: 14/61 MP: 5/5
  3060 | D:4      | Reached skill level 6 in Unarmed Combat
  3325 | D:5      | Entered Level 5 of the Dungeon
  3505 | D:5      | Noticed an ice beast
  3516 | D:5      | Killed an ice beast
  3517 | D:5      | Reached XP level 7. HP: 46/67 MP: 6/6
  3520 | D:5      | Identified the +1 helmet "Syn Ydua" {Harm rF- Str+2}
  3562 | D:5      | Reached skill level 7 in Unarmed Combat
  3672 | D:5      | Found a basalt altar of Yredelemnul.
  3943 | D:5      | Reached skill level 8 in Unarmed Combat
  4144 | D:5      | Found a shimmering blue altar of Sif Muna.
  4305 | D:6      | Noticed Edmund
  4315 | D:6      | Killed Edmund
  4320 | D:6      | Noticed Maggie
  4334 | D:6      | Killed from afar by Maggie

Illustrated notes

Levels and vault maps discovered:
D:1:      wheals_arrival_linesprint, layout_basic, serial_shops, shop
D:2:      layout_basic, shapermc_ecumenical_altar_petra
D:3:      layout_loops_ring, nicolae_overflow_crystal_walls,
          nicolae_ru_awakened_eye, serial_shops, shop
D:4:      layout_cave_pools, serial_shops, nicolae_shop_gaudy_bauble,
          minmay_snake_closets, uniq_pargi
D:5:      layout_basic, led_sif_book, nicolae_overflow_hidden_temple,
          grunt_decor_clamped
D:6:      layout_cave_pools, minmay_temple_entry_arrows, uniq_maggie,
          uniq_prince_ribbit1, uniq_edmund

Skill      XL: |  1  2  3  4  5  6  7 |
---------------+----------------------+-----
Shields        | 3 |  3.6
Unarmed Combat | 3 4 5 6 8 |  8.6
Fighting       | 3 |  3.2
Dodging        | |  2.4

Action                     |  1- 3 |  4- 6 |  7- 9 || total
---------------------------+-------+-------+-------++-------
  Melee: Unarmed           |   128 |   209 |    58 ||   395
    Use: Potion            |       |       |     1 ||     1
   Stab: Sleeping          |     1 |     1 |       ||     2
         Distracted        |     1 |       |       ||     1
 Armour: Robe              |    43 |    84 |     6 ||   133
  Dodge: Dodged            |    43 |    71 |    15 ||   129
  Block: Kite shield       |    47 |   128 |    24 ||   199
